Workbook

Sheet Liste de monitoring
B2: Demande | D2: Traitement | F2: Données du client | U2: Partenaire de mise en œuvre | AA2: Mise en œuvre | AC2: Mesure | AF2: ICP
D3: Personne | E3: Statut | F3: Client final | K3: Objet / magasin | N3: Personne de contact | R3: Coordonnées bancaires | AF3: Consommation électrique ancienne installation | AG3: Consommation électrique nouvelle installation | AH3: Économies d’électricité annuelles | AI3: Économies d’électricité annuelles | AJ3: Économies imputables sur la durée | AK3: Coûts d’investissement | AL3: Économies dues à la mesure | AM3: Temps de retour | AN3: Montant de la subvention | AO3: Part de subvention
B4: ID | C4: Date | F4: Nom | G4: Rue | H4: Numéro | I4: NPA | J4: Localité | K4: Nom | L4: NPA | M4: Localité | N4: Nom, prénom | O4: Fonction | P4: E-mail | Q4: Téléphone | R4: Titulaire du compte | S4: IBAN | T4: Institution financière | U4: Nom, prénom | V4: Entreprise | W4: NPA | X4: Localité | Y4: E-mail | Z4: Téléphone | AA4: Date | AB4: Statut | AC4: Mesure | AD4: Modèle d’impact | AE4: Respect des conditions de subvention | AF4: kWh/a | AG4: kWh/a | AH4: kWh/a | AI4: % | AJ4: kWh | AK4: CHF | AL4: CHF/a | AM4: a | AN4: CHF | AO4: %
C5: =TODAY() -> 46251 | E5: QS1 bestätigt | F5: ='Informations générales'!C17 -> 0 | G5: ='Informations générales'!C19 -> 0 | H5: ='Informations générales'!C20 -> 0 | I5: ='Informations générales'!C21 -> 0 | J5: ='Informations générales'!C22 -> 0 | N5: ='Informations générales'!C24 -> 0 | P5: ='Informations générales'!C25 -> 0 | Q5: ='Informations générales'!C26 -> 0 | U5: ='Informations générales'!C11 -> 0 | V5: ='Informations générales'!C12 -> 0 | Y5: ='Informations générales'!C13 -> 0 | Z5: ='Informations générales'!C14 -> 0 | AB5: reserviert | AC5: Druckluft | AD5: EBP Druckluft | AF5: =Calcul!D31 -> 0 | AG5: =Calcul!F31 -> 0 | AH5: =Calcul!C35 -> 0 | AI5: =Calcul!C36 -> - | AJ5: =AH5*15*0.75 -> 0 | AK5: =Calcul!F32 -> 0 | AL5: =Calcul!C39 -> 0 | AM5: =Calcul!C40 -> - | AN5: =Calcul!C42 -> 0 | AO5: =Calcul!C43 -> -

Sheet Informations générales
B2: #VALUE! | C2: #VALUE!
B5: Modèle d’impact pour le remplacement des installations chez ColorWatt
B7: Saisies requises
B8: Aucune saisie / Aucun résultat
B10: Données du conseiller
B11: Nom, prénom
B12: Entreprise
B13: E-mail
B14: Numéro de téléphone
B16: Données du client final
B17: Nom de l’entreprise
B18: Adresse de l’entreprise
B19: Rue
... B26: Téléphone
B27: Prix de l’électricité de l’entreprise en Rp./kWh | C27: 15
B29: Résumé de toutes les mesures
B30: Économies d’électricité en kWh | C30: =IFERROR(Calcul!C35,"-") -> 0
B31: in % | C31: =IFERROR(Calcul!C36,"-") -> -
B33: Économies CHF/an | C33: =IFERROR(Calcul!C39,"-") -> 0
B34: Coûts d’investissement totaux | C34: =IFERROR(Calcul!F32,"-") -> 0
B35: Payback (Return on Investment, in Jahren) | C35: =IFERROR(Calcul!C40,"-") -> - | H35: Montant maximal de la subvention
B37: Montant prévisionnel de la subvention en CHF | C37: =IFERROR(Calcul!C42,"-") -> 0 | H37: =IF(D18<=7.5,40,IF(AND(7.5<D18,D18<=15),(40-15*(D18/7.5-1)),15)) -> 40
B38: en % des coûts d’investissement | C38: =IFERROR(Calcul!C43,"-") -> -
B41: Conditions de participation
B43: Les mesures invoquées (remplacement d’équipement) ne doivent pas faire partie explicitement d’un accord de cible avec le canton, l’Agence de l’Énergie de l’Économie (EnAW) ou l’Agence des technologies propres Suisse (loi).
B44: Pas de double subvention : aucune autre aide ne doit être demandée au canton ou à la Confédération.
B45: En soumettant la demande, le requérant confirme avoir pris connaissance et respecter les conditions de subvention ainsi que les critères d’efficacité applicables.
B46: Datum:
B48: E-Mail an:
B49: colorwatt@ebp.ch
B51: Telefon:
B52: +41 44 395 11 97

Sheet Calcul
B2: Modèle d’impact pour le remplacement des systèmes d’air comprimé chez ColorWatt
B4: Saisies requises
B5: Aucune saisie / Aucun résultat
B7: Critères d’efficacité
B8: Compresseur d’air : Le moteur principal atteint au moins l’efficacité des classes d’efficacité suivantes : - Puissance nominale jusqu’à 0,75 kW : classe d’efficacité IE3 - Puissance nominale entre 0,75 kW et 75 kW : classe d’efficacité IE4 - Puissance nominale supérieure à 75 kW : classe d’efficacité IE5
B9: Système de distribution d’air comprimé : Le système de distribution d’air comprimé a été optimisé et une preuve justificative est disponible.
B10: Production d’air comprimé : La capacité de production d’air comprimé a été réduite autant que possible après examen.
D12: Données de l’ancienne machine | F12: Données de la nouvelle machine
B13: Modèle de l’installation / machine
B14: Puissance raccordée en kW
B15: Arrêt nocturne
B16: Semaines de fonctionnement par an
B17: Nombre de équipes
B18: Variateur de fréquence (Oui/Non) | D18: Oui | F18: Oui
B19: Rendement isentropique compresseur
B20: Classe d’efficacité du compresseur | F20: IE4
B21: Capacité de production d’air comprimé (m3/min)
B22: Lastprofil | D22: Part d’exploitation à pleine charge | E22: Partage de temps | F22: Part d’exploitation à pleine charge | G22: Partage de temps
B23: 1
B24: 2
B25: 3
B26: 4
B27: 5
B28: 6
B29: Heures de fonctionnement | D29: =40*D16*D17 -> 0 | F29: =40*D16*D17 -> 0
B30: Heures pleine charge | D30: =D29*E23*D23 + D29*E24*D24 + D29*E25*D25 + D29*E26*D26 + D29*E27*D27 + D29*E28*D28 -> 0 | F30: =F29*G23*F23 + F29*G24*F24 + F29*G25*F25 + F29*G26*F26 + F29*G27*F27 + F29*G28*F28 -> 0
B31: Consommation kWh/an | D31: =IFERROR(D30*D14,"-") -> 0 | F31: =IFERROR(F30*F14,"-") -> 0
B32: Coûts totaux de la nouvelle installation CHF
B34: Résumé de la mesure
B35: Économies d’électricité en kWh par an | C35: =IFERROR(D31-F31,"-") -> 0
B36: in % | C36: =IFERROR(1-F31/D31,"-") -> -
B37: Taux de subvention CHF/MWh | C37: 225
B39: Économies CHF/an | C39: =IFERROR(C35*(15/100),"-") -> 0
B40: Retour sur investissement (retour sur investissement) | C40: =IFERROR(F32/C39,"-") -> - | D40: doit être supérieur à 4 ans !
B42: Total subvention prévisionnelle en CHF | C42: =IFERROR(IF((C35/1000*C37)>(F32*0.3),(F32*0.3),(C35/1000*C37)),"-") -> 0
B43: en % des coûts d’investissement | C43: =IFERROR(C42/F32,"-") -> -
